 Dungeon Crawl Stone Soup version 0.28.0-43-g3370ac3207 (webtiles) character file.

Game seed: 1582834351478848127

611 ZappyNine the Firebug (level 7, -8/57 HPs)
             Began as a Demigod Fire Elementalist on Mar 21, 2022.
             Mangled by Maggie
             ... wielding a +0 war axe
              (10 damage)
             ... on level 6 of the Dungeon.
             The game lasted 00:05:56 (4563 turns).

ZappyNine the Firebug (Demigod Fire Elementalist)   Turns: 4563, Time: 00:05:57

Health: -8/57      AC:  2    Str: 19    XL:     7   Next: 0%
Magic:  0/15       EV: 12    Int: 25    God:
Gold:   302        SH:  0    Dex: 14    Spells: 5/12 levels left

rFire   + . .      SeeInvis .   f - +7 flail of Buis {freeze, rC+ Str+4}
rCold   + + .      Faith    .   (no shield)
rNeg    . . .      Spirit   .   a - +0 robe
rPois   +          Reflect  .   (no helmet)
rElec   +          Harm     .   (no cloak)
rCorr   +          Rampage  .   (no gloves)
Will    .....                   (no boots)
Stlth   ++........              (no amulet)
HPRegen 0.19/turn               j - +6 ring of strength
MPRegen 0.14/turn               (no ring)

@: resistant, mesmerised
A: high MP 1, forlorn, divine attributes
a: no special abilities


You were on level 6 of the Dungeon.
You visited 2 branches of the dungeon, and saw 7 of its levels.

You collected 302 gold pieces.

Inventory:

Hand Weapons
 f - the +7 flail of Buis (weapon) {freeze, rC+ Str+4}
   (You found it on level 2 of the Dungeon)

   It freezes those it strikes, dealing additional cold damage.
   It can also slow down cold-blooded creatures.
   Str:       It affects your strength (+4).
   rC:        It protects you from cold.
Armour
 a - a +0 robe (worn)
Jewellery
 j - a +6 ring of strength (left hand)
 k - a ring of see invisible
Scrolls
 b - a scroll of summoning {unknown}
 c - a scroll of vulnerability {unknown}
 e - 5 scrolls of identify {unknown}
 g - a scroll of blinking {unknown}
 h - 2 scrolls of teleportation {unknown}
 i - a scroll of silence {unknown}
 p - a scroll of enchant armour {unknown}
 q - a scroll of amnesia {unknown}
 r - a scroll of fog {unknown}
Potions
 l - a potion of mutation {unknown}
 m - a potion of attraction {unknown}
 n - a potion of might {unknown}
 o - a potion of invisibility {unknown}


   Skills:
 - Level 3.1 Fighting
 - Level 1.7 Dodging
 - Level 1.7 Stealth
 - Level 3.4 Spellcasting
 + Level 4.0 Conjurations
 * Level 4.2 Fire Magic


You had 5 spell levels left.
You knew the following spells:

 Your Spells              Type           Power      Damage    Failure   Level
a - Foxfire               Conj/Fire      100%       2x1d9     1%          1
b - Scorch                Fire           50%        2d7       2%          2
c - Flame Wave            Conj/Fire      25%        2d7       17%         4

Your spell library contained the following spells:

 Spells                   Type           Power      Damage    Failure   Level
 Conjure Flame            Conj/Fire      25%        6-21      5%          3
 Inner Flame              Hex/Fire       14%        N/A       12%         3
 Summon Guardian Golem    Hex/Summ       4%         N/A       28%         3
 Olgreb's Toxic Radiance  Pois           4%         N/A       67%         4
 Orb of Destruction       Conj           12%        9d7       100%        7
 Ozocubu's Refrigeration  Ice            2%         4d5       100%        7
 Spellforged Servitor     Conj/Summ      7%         N/A       100%        7
 Ignition                 Fire           12%        3d6       100%        8


Dungeon Overview and Level Annotations

Branches:
Dungeon (6/15)             Temple (1/1) D:4

Annotations:
D:6 Maggie


Innate Abilities, Weirdness & Mutations

You have an increased reservoir of magic. (+10% MP)
You shall have no god before yourself.
Your divine heritage dramatically boosts your attributes as you level up.


Message History

Unknown command.
Casting: Foxfire (safe; 1% risk of failure)
Confirm with . or Enter, or press ? or * to list all spells.
Flames lash Maggie.
Maggie is lightly wounded.
Maggie's fire resistance burns away.
The foxfire hits Maggie but does no damage.
Maggie is lightly wounded.
The foxfire hits Maggie.
Maggie is burned terribly!
Maggie is lightly wounded.
Casting: Scorch (safe; 2% risk of failure)
Confirm with . or Enter, or press ? or * to list all spells.
Flames lash Maggie.
Maggie is burned terribly!
Maggie is lightly wounded.
Maggie hits you with a +0 war axe!
Unknown command.
Casting: Scorch (safe; 2% risk of failure)
Confirm with . or Enter, or press ? or * to list all spells.
Flames lash Maggie.
Maggie is moderately wounded.
Maggie hits you with a +0 war axe!
Unknown command.
Casting: Scorch (safe; 2% risk of failure)
Confirm with . or Enter, or press ? or * to list all spells.
Flames lash Maggie but do no damage.
Maggie points at you and mumbles some strange words.
The bolt of fire hits you!!
Ouch! That really hurt!
* * * LOW HITPOINT WARNING * * *
Casting: Scorch (safe; 2% risk of failure)
Confirm with . or Enter, or press ? or * to list all spells.
Flames lash Maggie.
Maggie is burned terribly!
Maggie is moderately wounded.
Maggie casts a spell.
Maggie draws you further into her thrall.
Unknown command.
It was a potion of resistance.
You feel protected. Maggie hits you with a +0 war axe!
You die...

#######.#### #...#
#<..# ...# ##### ##
.... .. ##..#
######### ...#
#........ #..#
#........ #.@#
#........
#.@########........
#..................
#)#########........
#. #........ #.
#........ ..
#........ ..
#........ #..
#........ #########


You could see Maggie (mesmerising, combustible).

Vanquished Creatures
  3 ogres (D:5)
  A phantom (D:5)
  A scorpion (D:6)
  A centaur skeleton (D:6)
  An iguana (D:6)
  A gnoll (D:3)
  8 adders
  A shadow imp (D:5)
  An adder skeleton (D:4)
  2 worms
  5 dart slugs
  7 ball pythons
  3 endoplasms
  6 giant cockroaches
  5 goblins
  3 hobgoblins
  5 kobolds
  2 quokkas (D:3)
  10 bats
  4 frilled lizards
  A quokka skeleton (D:4)
  4 rats
75 creatures vanquished.

Vanquished Creatures (others)
  56 foxfires
56 creatures vanquished.

Grand Total: 131 creatures vanquished

Notes
Turn   | Place    | Note
-------+----------+-------------------------------------------
     0 | D:1      | ZappyNine the Demigod Fire Elementalist began the quest for
                  | the Orb.
     0 | D:1      | Reached XP level 1. HP: 14/14 MP: 5/5
   103 | D:1      | Reached skill level 1 in Conjurations
   286 | D:1      | Reached XP level 2. HP: 19/22 MP: 2/7
   383 | D:1      | Learned a level 2 spell: Scorch
   557 | D:1      | Reached skill level 1 in Fighting
   982 | D:2      | Identified the +7 flail of Buis {freeze, rC+ Str+4}
  1106 | D:2      | Reached XP level 3. HP: 23/28 MP: 9/9
  2257 | D:3      | Reached XP level 4. HP: 27/36 MP: 10/10
  2863 | D:4      | Found a staircase to the Ecumenical Temple.
  2880 | Temple   | Entered the Ecumenical Temple
  3189 | D:5      | Entered Level 5 of the Dungeon
  3208 | D:5      | Noticed an ogre
  3212 | D:5      | Killed an ogre
  3213 | D:5      | Reached XP level 5. HP: 42/42 MP: 5/12
  3433 | D:5      | Noticed an ogre
  3443 | D:5      | Killed an ogre
  3444 | D:5      | Reached XP level 6. HP: 22/51 MP: 3/14
  3626 | D:5      | Learned a level 4 spell: Flame Wave
  4551 | D:6      | Noticed Maggie
  4557 | D:6      | Reached XP level 7. HP: 56/57 MP: 10/15
  4561 | D:6      | HP: 2/57 [Maggie/bolt of fire (34)]
  4563 | D:6      | Mangled by Maggie

Illustrated notes

Levels and vault maps discovered:
D:1:      evilmike_arrival_rings, layout_basic,
          shapermc_ecumenical_altar_starsandcircs, chequers_serial_rivers_room_b
D:2:      layout_basic
D:3:      layout_rooms, mainiacjoe_overflow_concentric_impassable,
          portal_sewer_entry_f, glass_columns_a, minmay_close_crescents
D:4:      layout_rooms, minitemple, minmay_temple_entry_drinking_statues
D:5:      layout_basic
D:6:      layout_basic, nrook_mini_vaults, uniq_grinder, uniq_maggie,
          uniq_menkaure
Temple:   nicolae_temple_elliptical

Skill      XL: |  1  2  3  4  5  6 |
---------------+-------------------+-----
Conjurations   | 1 2 3 4 |  4.0
Spellcasting   | 2 3 |  3.4
Fighting       | 1 2 3 |  3.1
Fire Magic     | 4 |  4.2
Dodging        | |  1.7
Stealth        | |  1.7

Action                   |  1- 3 |  4- 6 |  7- 9 || total
-------------------------+-------+-------+-------++-------
Melee: Club              |     6 |       |       ||     6
       Flail             |    47 |    26 |       ||    73
 Cast: Foxfire           |    19 |    15 |     1 ||    35
       Scorch            |    17 |    27 |     5 ||    49
  Use: Potion            |       |       |     1 ||     1
 Stab: Sleeping          |     1 |     1 |       ||     2
       Distracted        |       |     1 |       ||     1
Armor: Robe              |    14 |     2 |       ||    16
Dodge: Dodged            |    34 |    26 |       ||    60
